NCAA
OREGON STATE BEAVERS @ TENNESSEE VOLUNTEERS
04/23/2025
 
TOP OF THE 1ST
Oregon State Beavers batting - Pitching for Tennessee Volunteers : LHP Kent McKean
Pitching: LHP Kent McKean
Batting: LHB Jesús Ferreira 0-0: Called Strike
0-1: Bunt for hit - play at first, batter safe!
Batting: RHB Paul Compton 0-0: Foul Ball, location: 2F
0-1: Fielders Choice at 2nd, 4-6 (Groundball, 34)
Batting: SHB Gerald Young 0-0: Ball
1-0: SINGLE (Flyball, 8LS)
Paul Compton to second
Batting: RHB Francisco Hernández 0-0: Ball
1-0: Fly out, F9 (Flyball, 9M)
Batting: LHB Carlos Gutiérrez 0-0: Ball
1-0: Called Strike
1-1: Called Strike
1-2: Strikes out swinging
Top of the 1st over - 0 run(s), 2 hit(s), 0 error(s), 2 left on base; Oregon State 0 - Tennessee 0
BOTTOM OF THE 1ST
Tennessee Volunteers batting - Pitching for Oregon State Beavers : RHP Chandler Haney
Pitching: RHP Chandler Haney
Batting: LHB Arnold Stewart 0-0: SINGLE (Line Drive, 4D)
Batting: SHB Scott Cox 0-0: Ball
1-0: Ball
2-0: Called Strike
2-1: Reached on error, E5 (Groundball, 56S)
Arnold Stewart to second
Batting: RHB Tanner Albert 0-0: Ball
1-0: Ball
2-0: Called Strike
2-1: Ball
3-1: Base on Balls
Arnold Stewart to third
Scott Cox to second
Batting: RHB Courtnay Beck 0-0: Ball
1-0: SINGLE (Flyball, 89S)
Arnold Stewart scores
Scott Cox to third
Tanner Albert to second
Batting: RHB Mike Alexander 0-0: SINGLE (Line Drive, 56D)
Scott Cox scores
Tanner Albert to third
Courtnay Beck to second
Batting: RHB Juan Corvarubia 0-0: Called Strike
0-1: Ground out 4-3 (Groundball, 4M)
Tanner Albert scores
Courtnay Beck to third
Mike Alexander to second
Batting: RHB John Jones 0-0: Called Strike
0-1: Ball
1-1: Ball
2-1: Called Strike
2-2: 3-RUN HOME RUN (Flyball, 7D), Distance : 344 ft
Batting: RHB Dave Johnston 0-0: Swinging Strike
0-1: SINGLE (Groundball, 56D)
Batting: RHB Kevin Manning 0-0: Called Strike
0-1: Grounds into double play, 4-6-3 (Groundball, 4)
Bottom of the 1st over - 6 run(s), 5 hit(s), 1 error(s), 0 left on base; Oregon State 0 - Tennessee 6
TOP OF THE 2ND
Oregon State Beavers batting - Pitching for Tennessee Volunteers : LHP Kent McKean
Batting: SHB Chris McKenzie 0-0: Called Strike
0-1: Called Strike
0-2: Strikes out swinging
Batting: SHB Mac Jones 0-0: Called Strike
0-1: Ball
1-1: SINGLE (Line Drive, 6D)
Batting: RHB Bobby Cameron 0-0: Grounds into double play, 5-4-3 (Groundball, 5)
Top of the 2nd over - 0 run(s), 1 hit(s), 0 error(s), 0 left on base; Oregon State 0 - Tennessee 6
BOTTOM OF THE 2ND
Tennessee Volunteers batting - Pitching for Oregon State Beavers : RHP Chandler Haney
Batting: LHB Arnold Stewart 0-0: Swinging Strike
0-1: Foul Ball, location: 2F
0-2: Ball
1-2: Ball
2-2: Ball
3-2: Base on Balls
Batting: SHB Scott Cox 0-0: Foul Ball, location: 2F
0-1: Ball
1-1: Ball
2-1: Called Strike
2-2: Foul Ball, location: 2F
2-2: Foul Ball, location: 2F
2-2: Foul Ball, location: 2F
2-2: SINGLE (Groundball, 13) (infield hit)
Arnold Stewart to second
Batting: RHB Tanner Albert 0-0: Called Strike
0-1: Grounds into double play, 4-6-3 (Groundball, 4)
Arnold Stewart to third
Batting: RHB Courtnay Beck 0-0: Swinging Strike
0-1: Swinging Strike
0-2: Ball
1-2: Ball
2-2: Strikes out swinging
Bottom of the 2nd over - 0 run(s), 1 hit(s), 0 error(s), 1 left on base; Oregon State 0 - Tennessee 6
TOP OF THE 3RD
Oregon State Beavers batting - Pitching for Tennessee Volunteers : LHP Kent McKean
Batting: RHB David Pratt 0-0: Ball
1-0: Ball
2-0: Ball
3-0: Base on Balls
Batting: LHB Jesús Ferreira 0-0: Ball
Wild Pitch!
David Pratt to second
1-0: Foul Ball, location: 2F
1-1: Ball
2-1: Foul Ball, location: 2F
2-2: Foul Ball, location: 2F
2-2: Fly out, F7 (Flyball, 78M)
Batting: RHB Paul Compton 0-0: Foul Ball, location: 2F
0-1: Foul Ball, location: 2F
0-2: Strikes out swinging
Batting: SHB Gerald Young 0-0: Foul Ball, location: 2F
0-1: Ball
1-1: Ball
2-1: Fly out, F8 (Flyball, 8RM)
Top of the 3rd over - 0 run(s), 0 hit(s), 0 error(s), 1 left on base; Oregon State 0 - Tennessee 6
BOTTOM OF THE 3RD
Tennessee Volunteers batting - Pitching for Oregon State Beavers : RHP Chandler Haney
Batting: RHB Mike Alexander 0-0: Called Strike
0-1: Called Strike
0-2: Foul Ball, location: 2F
0-2: DOUBLE (Flyball, 89D)
Batting: RHB Juan Corvarubia 0-0: Ball
1-0: Ball
2-0: Swinging Strike
2-1: Called Strike
2-2: Fly out, F4 (Popup, 3)
Batting: RHB John Jones 0-0: Ball
1-0: Foul Ball, location: 2F
1-1: Foul Ball, location: 2F
1-2: Ball
2-2: DOUBLE (Line Drive, 78M)
Mike Alexander scores
Batting: RHB Dave Johnston 0-0: Ball
1-0: Ground out 5-3 (Groundball, 5S)
John Jones to third
Batting: RHB Kevin Manning 0-0: Called Strike
0-1: Foul Ball, location: 2F
0-2: Ball
1-2: Ball
2-2: Strikes out looking
Bottom of the 3rd over - 1 run(s), 2 hit(s), 0 error(s), 1 left on base; Oregon State 0 - Tennessee 7
TOP OF THE 4TH
Oregon State Beavers batting - Pitching for Tennessee Volunteers : LHP Kent McKean
Batting: RHB Francisco Hernández 0-0: Called Strike
0-1: Called Strike
0-2: Strikes out swinging
Batting: LHB Carlos Gutiérrez 0-0: Called Strike
0-1: Ball
1-1: Called Strike
1-2: Foul Ball, location: 2F
1-2: Ball
2-2: Strikes out swinging
Batting: SHB Chris McKenzie 0-0: Fly out, F3 (Popup, 23F)
Top of the 4th over - 0 run(s), 0 hit(s), 0 error(s), 0 left on base; Oregon State 0 - Tennessee 7
BOTTOM OF THE 4TH
Tennessee Volunteers batting - Pitching for Oregon State Beavers : RHP Chandler Haney
Batting: LHB Arnold Stewart 0-0: Called Strike
0-1: Swinging Strike
0-2: Strikes out swinging
Batting: SHB Scott Cox 0-0: SINGLE (Groundball, 34D)
Batting: RHB Tanner Albert 0-0: Called Strike
0-1: Ball
1-1: DOUBLE (Groundball, 5L)
Scott Cox to third
Runner from 3rd tries for Home, throw and OUT!
Batting: RHB Courtnay Beck 0-0: Ball
1-0: Ball
2-0: Ball
Passed Ball!
Tanner Albert to third
3-0: Called Strike
3-1: Ground out 6-3 (Groundball, 6)
Bottom of the 4th over - 0 run(s), 2 hit(s), 0 error(s), 1 left on base; Oregon State 0 - Tennessee 7
TOP OF THE 5TH
Oregon State Beavers batting - Pitching for Tennessee Volunteers : LHP Kent McKean
Batting: SHB Mac Jones 0-0: Ball
1-0: Foul Ball, location: 2F
1-1: Swinging Strike
1-2: Ball
2-2: Foul Ball, location: 2F
2-2: Strikes out swinging
Batting: RHB Bobby Cameron 0-0: Ball
1-0: Ball
2-0: Foul Ball, location: 2F
2-1: Ground out 4-3 (Groundball, 4S)
Batting: RHB David Pratt 0-0: Reached on error, E6 (Groundball, 6S)
Batting: LHB Jesús Ferreira 0-0: Ball
1-0: Fly out, F3 (Line Drive, 3)
Top of the 5th over - 0 run(s), 0 hit(s), 1 error(s), 1 left on base; Oregon State 0 - Tennessee 7
BOTTOM OF THE 5TH
Tennessee Volunteers batting - Pitching for Oregon State Beavers : RHP Chandler Haney
Batting: RHB Mike Alexander 0-0: Swinging Strike
0-1: Foul Ball, location: 2F
0-2: Foul Ball, location: 2F
0-2: Ball
1-2: Strikes out swinging
Pitching: RHP Lorenzo Miranda
Batting: RHB Juan Corvarubia 0-0: Ball
1-0: Called Strike
1-1: Called Strike
1-2: Foul Ball, location: 2F
1-2: Foul Ball, location: 2F
1-2: Ground out 4-3 (Groundball, 4M)
Batting: RHB John Jones 0-0: Ball
1-0: SOLO HOME RUN (Flyball, 9D), Distance : 354 ft
Batting: RHB Dave Johnston 0-0: Ball
1-0: Ball
2-0: Foul Ball, location: 2F
2-1: Ball
3-1: Swinging Strike
3-2: Foul Ball, location: 2F
3-2: Foul Ball, location: 2F
3-2: Base on Balls
Batting: RHB Kevin Manning 0-0: Called Strike
0-1: Foul Ball, location: 2F
0-2: Ball
1-2: Ball
2-2: Ball
3-2: Base on Balls
Dave Johnston to second
Batting: LHB Arnold Stewart 0-0: Fly out, F7 (Flyball, 7D)
Bottom of the 5th over - 1 run(s), 1 hit(s), 0 error(s), 2 left on base; Oregon State 0 - Tennessee 8
TOP OF THE 6TH
Oregon State Beavers batting - Pitching for Tennessee Volunteers : LHP Kent McKean
Batting: RHB Paul Compton 0-0: Ball
1-0: Foul Ball, location: 2F
1-1: Ball
2-1: Swinging Strike
2-2: Strikes out swinging
Batting: SHB Gerald Young 0-0: Swinging Strike
0-1: Ball
1-1: Ground out 6-3 (Groundball, 6)
Batting: RHB Francisco Hernández 0-0: Fly out, F4 (Popup, 4)
Top of the 6th over - 0 run(s), 0 hit(s), 0 error(s), 0 left on base; Oregon State 0 - Tennessee 8
BOTTOM OF THE 6TH
Tennessee Volunteers batting - Pitching for Oregon State Beavers : RHP Lorenzo Miranda
Batting: SHB Scott Cox 0-0: Called Strike
0-1: Foul Ball, location: 2F
0-2: Ball
1-2: Ball
2-2: Strikes out swinging
Batting: RHB Tanner Albert 0-0: Ball
1-0: Fly out, F7 (Flyball, 78D)
Batting: RHB Courtnay Beck 0-0: Ground out 1-3 (Groundball, 15S)
Bottom of the 6th over - 0 run(s), 0 hit(s), 0 error(s), 0 left on base; Oregon State 0 - Tennessee 8
TOP OF THE 7TH
Oregon State Beavers batting - Pitching for Tennessee Volunteers : LHP Kent McKean
Batting: LHB Carlos Gutiérrez 0-0: Ball
1-0: Ball
2-0: Called Strike
2-1: Fly out, F7 (Flyball, 7LM)
Batting: SHB Chris McKenzie 0-0: Called Strike
0-1: Foul Ball, location: 2F
0-2: Foul Ball, location: 2F
0-2: Fly out, F7 (Line Drive, 7D)
Batting: SHB Mac Jones 0-0: Called Strike
0-1: Ball
1-1: Called Strike
1-2: Foul Ball, location: 2F
1-2: Foul Ball, location: 2F
1-2: Ball
2-2: Strikes out swinging
Top of the 7th over - 0 run(s), 0 hit(s), 0 error(s), 0 left on base; Oregon State 0 - Tennessee 8
BOTTOM OF THE 7TH
Tennessee Volunteers batting - Pitching for Oregon State Beavers : RHP Lorenzo Miranda
Batting: RHB Mike Alexander 0-0: Ball
1-0: Called Strike
1-1: Swinging Strike
1-2: Ball
2-2: Strikes out swinging
Pitching: RHP Steve Macías
Batting: RHB Juan Corvarubia 0-0: Called Strike
0-1: Called Strike
0-2: Ground out 5-3 (Groundball, 5)
Batting: RHB John Jones 0-0: Called Strike
0-1: Foul Ball, location: 2F
0-2: Ball
1-2: Foul Ball, location: 2F
1-2: Foul Ball, location: 2F
1-2: SINGLE (Line Drive, 7LS)
Batting: RHB Dave Johnston 0-0: Ball
1-0: Ball
2-0: Called Strike
2-1: Ball
3-1: Foul Ball, location: 2F
3-2: Base on Balls
John Jones to second
Batting: RHB Kevin Manning 0-0: Fly out, F3 (Popup, 3F)
Bottom of the 7th over - 0 run(s), 1 hit(s), 0 error(s), 2 left on base; Oregon State 0 - Tennessee 8
TOP OF THE 8TH
Oregon State Beavers batting - Pitching for Tennessee Volunteers : LHP Kent McKean
Pitching: LHP Oliver Moreno
Batting: RHB Bobby Cameron 0-0: Called Strike
0-1: Called Strike
0-2: Strikes out swinging
Batting: RHB David Pratt 0-0: Ground out 1-3 (Groundball, 13)
Batting: LHB Jesús Ferreira 0-0: Called Strike
0-1: Swinging Strike
0-2: Ground out 1-3 (Groundball, 13)
Top of the 8th over - 0 run(s), 0 hit(s), 0 error(s), 0 left on base; Oregon State 0 - Tennessee 8
BOTTOM OF THE 8TH
Tennessee Volunteers batting - Pitching for Oregon State Beavers : RHP Steve Macías
Batting: LHB Arnold Stewart 0-0: Ball
1-0: Foul Ball, location: 2F
1-1: Swinging Strike
1-2: Ground out 6-3 (Groundball, 6M)
Batting: SHB Scott Cox 0-0: Fly out, F6 (Line Drive, 6)
Batting: RHB Tanner Albert 0-0: Called Strike
0-1: Ball
1-1: Fly out, F9 (Flyball, 89D)
Bottom of the 8th over - 0 run(s), 0 hit(s), 0 error(s), 0 left on base; Oregon State 0 - Tennessee 8
TOP OF THE 9TH
Oregon State Beavers batting - Pitching for Tennessee Volunteers : LHP Oliver Moreno
Batting: RHB Paul Compton 0-0: Swinging Strike
0-1: Ball
1-1: Ball
2-1: Called Strike
2-2: Ball
3-2: SINGLE (Groundball, 4)
Batting: SHB Gerald Young 0-0: Called Strike
0-1: Swinging Strike
0-2: Foul Ball, location: 2F
0-2: Ball
1-2: Ball
2-2: Ball
3-2: Base on Balls
Paul Compton to second
Batting: RHB Francisco Hernández 0-0: Called Strike
0-1: Called Strike
0-2: Ball
1-2: Fly out, F8 (Line Drive, 8LM)
Batting: LHB Carlos Gutiérrez 0-0: Foul Ball, location: 2F
0-1: Ball
1-1: Ball
2-1: Foul Ball, location: 2F
2-2: Foul Ball, location: 2F
2-2: SINGLE (Groundball, 6MD)
Paul Compton to third
Gerald Young to second
Batting: SHB Chris McKenzie 0-0: Ball
1-0: Ball
2-0: Fly out, F9 (Flyball, 89S)
Batting: SHB Mac Jones 0-0: Foul Ball, location: 2F
0-1: Ball
1-1: Foul Ball, location: 2F
1-2: Ball
2-2: Foul Ball, location: 2F
2-2: Fly out, F9 (Flyball, 89M)
Top of the 9th over - 0 run(s), 2 hit(s), 0 error(s), 3 left on base; Oregon State 0 - Tennessee 8
This league is powered by Out of the Park Baseball, the baseball management simulation game for PC, Mac and Linux
Tuesday, August 2nd, 2016 - OOTP Baseball 16.8 Build 38